 Dungeon Crawl Stone Soup version 0.26.0-57-g60708a5e39 (webtiles) character file.

Game seed: 6030992005242557275

10544 Gadfly the Black Crusader (level 11, -6/92 HPs)
             Began as a Formicid Fighter on Feb 1, 2021.
             Was a Priest of Yredelemnul.
             Mangled by a cane toad (16 damage)
             ... on level 1 of the Lair of Beasts.
             The game lasted 00:21:21 (16503 turns).

Gadfly the Black Crusader (Formicid Fighter)       Turns: 16503, Time: 00:21:22

Health: -6/92      AC: 20    Str: 24    XL:     11   Next: 94%
Magic:  18/18      EV:  6    Int:  8    God:    Yredelemnul [***...]
Gold:   664        SH: 13    Dex: 10    Spells: 10/10 levels left

rFire    . . .     SeeInvis +   o - +1 dagger (venom)
rCold    . . .     Faith    .   v - +2 kite shield
rNeg     . . .     Spirit   .   c - +0 plate armour
rPois    .         Reflect  .   (helmet unavailable)
rElec    .         Harm     +   h - scarf {harm}
rCorr    .         Rampage  .   (no gloves)
Will     +....                  j - +1 pair of boots
Stlth    ..........             k - amulet of the acrobat
HPRegen  0.25/turn              m - +4 ring of protection
MPRegen  0.16/turn              (no ring)

@: lethally poisoned (-6 -> -9)
A: permanent stasis, dig shafts and tunnels, four strong arms, antennae 3,
robust 1, shaggy fur 1
a: Dig, Shaft Self, Renounce Religion, Recall Undead Slaves, Injury Mirror,
Animate Dead


You were on level 1 of the Lair of Beasts.
You worshipped Yredelemnul.
Yredelemnul was most pleased with you.
You visited 3 branches of the dungeon, and saw 13 of its levels.

You collected 664 gold pieces.

Inventory:

Hand Weapons
 a - a +0 trident
 b - a +2 hand axe of freezing
 o - a +1 dagger of venom (weapon)
Armour
 c - a +0 plate armour (worn)
 f - a +0 chain mail
 h - a scarf of harm (worn)
 j - a +1 pair of boots (worn)
 v - a +2 kite shield (worn)
Jewellery
 k - an amulet of the acrobat (around neck)
 m - a +4 ring of protection (left hand)
Wands
 p - a wand of enslavement (15)
 r - a wand of flame (14) (quivered)
 s - a wand of polymorph (6)
Scrolls
 e - 2 scrolls of magic mapping
 i - 3 scrolls of fog
 l - 2 scrolls of enchant weapon
 n - 2 scrolls of enchant armour
 q - 3 scrolls of remove curse
Potions
 d - a potion of attraction
 g - 2 potions of flight
 t - a potion of might


   Skills:
 + Level 7.5 Fighting
 * Level 8.8 Polearms
 * Level 7.6 Armour
 + Level 8.1 Shields
 + Level 10.0 Invocations
 + Level 9.2 Evocations


You had 10 spell levels left.
You didn't know any spells.
Your spell library contained the following spells:

 Spells                   Type           Power        Failure   Level
 Magic Dart               Conj           0%           100%        1
 Call Imp                 Summ           0%           100%        2
 Slow                     Hex            0%           100%        2
 Conjure Flame            Conj/Fire      0%           100%        3
 Mephitic Cloud           Conj/Pois/Air  0%           100%        3
 Blink                    Tloc           Unusable     N/A         2

Dungeon Overview and Level Annotations

Branches:
Dungeon (11/15)            Temple (1/1) D:4            Lair (1/6) D:11
    Orc: D:9-12

Altars:
Ashenzari
Cheibriados
Dithmenos
Elyvilon
Fedhas
Gozag
Hepliaklqana
Kikubaaqudgha
Makhleb
Nemelex Xobeh
Okawaru
Qazlal
Ru
Sif Muna
Trog
Uskayaw
Vehumet
Wu Jian
Xom
Yredelemnul
Zin
The Shining One

Shops:
D:7 [

Annotations:
D:11 Snorg
Lair:1 2 transporters, canine's ghost, journeyman GnWn


Innate Abilities, Weirdness & Mutations

You cannot be hasted, slowed, berserked, paralysed or teleported.
You can dig through walls and to a lower floor.
Your four strong arms can wield two-handed weapons with a shield.
You have a pair of large antennae on your head. (SInv)
You are robust. (+10% HP)
You are covered in fur. (AC +1)


Message History

The cane toad stings you but does no damage.
You feel sick. The cane toad completely misses you.
You feel sick.
You closely miss the cane toad.
You feel less invigorated.
You feel less confused.
You feel sick. The cane toad stings you.
* * * LOW HITPOINT WARNING * * *
You block the cane toad's attack.
You feel sick.
The cane toad stings you but does no damage.
The cane toad misses you.
You barely miss the cane toad.
The cane toad is almost dead.
You feel sick. You block the cane toad's attack.
The cane toad barely misses you.
You closely miss the cane toad.
You feel sick.
The cane toad stings you but does no damage.
The cane toad stings you!
You die...
Your body rises from the dead as a mindless zombie.

##...................##
#....................P#
..#..................##
..##.................##
.####.................##
## #..................# #
##....<..........#..$....
##..........F...##......
##........@F...# ...... #
#.............## ..#.. ##
####P.........# ..# # .##
##........## .# ..##
###..>..## .P ...#
##...## ..## ##### ..#
###


You could see 2 cane toads.

Vanquished Creatures
  An unseen horror (D:10)
  2 ugly things
  Psyche (D:10)
  2 centaur zombies
  2 centaur skeletons (D:10)
  Maggie (D:10)
  A komodo dragon (D:11)
  2 trolls
  Grinder (D:4)
  3 blink frogs
  A shadow (D:11)
  5 yaks (D:11)
  Eustachio (D:5)
  2 water moccasins (Lair:1)
  Duvessa (D:5)
  3 ice beasts
  6 orc warriors
  2 sky beasts
  A phantom (D:6)
  An eye of draining (D:11)
  4 ogres
  2 big kobolds
  6 bullfrogs
  Dowan (D:5)
  A water moccasin zombie (D:10)
  A wyvern skeleton (D:6)
  3 scorpions
  2 wights (D:10)
  6 howler monkeys
  A bullfrog zombie (D:7)
  A quasit (D:9)
  3 orc priests
  7 hounds
  2 jellies
  4 orc wizards
  Ijyb (D:5)
  3 bullfrog skeletons
  3 iguanas
  12 worker ants
  A killer bee zombie (D:8)
  A hound zombie (D:5)
  A worker ant zombie (D:6)
  A howler monkey skeleton (D:5)
  9 adders
  3 shadow imps
  6 white imps
  2 ufetubi
  2 oozes
  An adder zombie (D:10)
  4 worms
  2 dart slugs
  6 leopard geckos
  24 orcs
  7 bats
  5 giant cockroaches
  12 goblins
  10 hobgoblins
  13 jackals
  9 kobolds
  7 quokkas
  10 frilled lizards
  A jackal skeleton (D:4)
  A leopard gecko skeleton (D:6)
  A leopard gecko zombie (D:6)
  11 rats
252 creatures vanquished.

Vanquished Creatures (collateral kills)
  A cyclops (D:11)
  A komodo dragon (Lair:1)
  A wyvern (Lair:1)
  A water moccasin (D:7)
  2 ice beasts
  A tengu (Lair:1)
  A centaur (D:8)
  A bullfrog (D:9)
  A wight (D:10)
  A jelly (D:10)
  An orc wizard (D:6)
  A worker ant zombie (D:8)
  A leopard gecko (D:11)
  4 orcs
  A jackal (D:9)
  3 quokkas
22 creatures vanquished.

Vanquished Creatures (others)
  Prince Ribbit (Lair:1)
  A wight (D:11)
  An ugly thing zombie (D:11)
  An ugly thing skeleton (D:10)
  A bullfrog skeleton (D:10)
  2 bullfrog zombies
  A komodo dragon skeleton (Lair:1)
  A cyclops skeleton (D:11)
  A big kobold zombie (D:10)
  A yak zombie (D:11)
  An adder zombie (D:10)
  A hound zombie (D:6)
  A howler monkey zombie (D:6)
  An iguana zombie (D:9)
  A jackal zombie (D:9)
  A kobold zombie (D:10)
  A leopard gecko zombie (D:11)
  2 ogre zombies (D:10)
  An orc skeleton (D:11)
  8 orc zombies
  A scorpion zombie (D:11)
  3 water moccasin zombies
  2 worker ant zombies
  2 fungi (Lair:1)
  3 plants
40 creatures vanquished.

Grand Total: 314 creatures vanquished

Notes
Turn   | Place    | Note
-------+----------+-------------------------------------------
     0 | D:1      | Gadfly the Formicid Fighter began the quest for the Orb.
     0 | D:1      | Reached XP level 1. HP: 18/18 MP: 1/1
   116 | D:1      | Reached XP level 2. HP: 20/24 MP: 2/2
   209 | D:1      | Reached skill level 1 in Invocations
   209 | D:1      | Reached skill level 1 in Evocations
   381 | D:1      | Reached XP level 3. HP: 17/29 MP: 3/3
  1416 | D:2      | Found a faded altar of an unknown god.
  1422 | D:2      | Reached XP level 4. HP: 35/35 MP: 5/5
  2123 | D:2      | Noticed a moth of wrath
  2126 | D:2      | Found a bloodstained altar of Trog.
  2424 | D:3      | Reached skill level 2 in Invocations
  2455 | D:3      | Reached XP level 5. HP: 39/42 MP: 6/6
  2615 | D:3      | Noticed a bullfrog
  2622 | D:3      | Killed a bullfrog
  2735 | D:3      | Reached XP level 6. HP: 48/48 MP: 6/8
  3202 | D:4      | Reached skill level 3 in Invocations
  3687 | D:4      | Found a staircase to the Ecumenical Temple.
  3703 | Temple   | Entered the Ecumenical Temple
  3732 | Temple   | Became a worshipper of Yredelemnul the Dark
  3854 | D:4      | Reached XP level 7. HP: 50/54 MP: 9/9
  4011 | D:4      | Noticed Grinder
  4045 | D:4      | Killed Grinder
  4046 | D:4      | Reached skill level 4 in Invocations
  4628 | D:5      | Entered Level 5 of the Dungeon
  4670 | D:5      | Found an iron altar of Okawaru.
  4671 | D:5      | Found a burning altar of Makhleb.
  4671 | D:5      | Found a sparkling altar of Nemelex Xobeh.
  4701 | D:5      | Noticed Duvessa
  4702 | D:5      | Noticed Dowan
  4716 | D:5      | Killed Duvessa
  4717 | D:5      | Reached XP level 8. HP: 56/61 MP: 11/11
  4728 | D:5      | Killed Dowan
  4729 | D:5      | Reached skill level 5 in Shields
  4794 | D:5      | Noticed Ijyb
  4819 | D:5      | Killed Ijyb
  4819 | D:5      | Reached * piety under Yredelemnul
  5152 | D:5      | Noticed Eustachio
  5174 | D:5      | Killed Eustachio
  5175 | D:5      | Reached skill level 5 in Invocations
  5450 | D:6      | Reached skill level 5 in Evocations
  5456 | D:6      | Reached skill level 5 in Fighting
  5456 | D:6      | Reached skill level 5 in Polearms
  5806 | D:5      | HP: 1/62 [orc warrior/+0 hand axe (4)]
  6212 | D:6      | Reached XP level 9. HP: 61/68 MP: 13/13
  6280 | D:6      | Reached skill level 5 in Armour
  6458 | D:6      | Reached skill level 6 in Invocations
  6476 | D:6      | Reached ** piety under Yredelemnul
  7117 | D:7      | Found Meloan's Armour Emporium.
  8176 | D:8      | Reached skill level 7 in Invocations
  8445 | D:8      | Reached XP level 10. HP: 76/76 MP: 15/15
 10433 | D:10     | Entered Level 10 of the Dungeon
 10443 | D:10     | Noticed an unseen horror
 10484 | D:10     | Reached skill level 8 in Invocations
 10806 | D:10     | Killed an unseen horror
 10944 | D:10     | Found a shimmering altar of Xom.
 10973 | D:10     | Reached *** piety under Yredelemnul
 11195 | D:10     | Noticed Psyche
 11205 | D:10     | Killed Psyche
 11262 | D:10     | Reached XP level 11. HP: 53/83 MP: 17/17
 12021 | D:10     | Noticed Maggie
 12035 | D:10     | Killed Maggie
 12036 | D:10     | Reached skill level 9 in Invocations
 12460 | D:11     | Noticed a cyclops
 12462 | D:11     | Noticed a white ugly thing
 12482 | D:11     | Killed a cyclops
 13120 | D:11     | Noticed a cyan ugly thing
 13398 | D:10     | HP: 4/84 [cyan ugly thing (18)]
 13402 | D:10     | Killed a cyan ugly thing
 14229 | D:11     | Reached **** piety under Yredelemnul
 14254 | D:11     | Found a staircase to the Lair.
 14365 | D:11     | Noticed a purple ugly thing
 14401 | D:11     | Killed a purple ugly thing
 14409 | D:11     | Received a gift from Yredelemnul (a wight)
 14638 | D:11     | Noticed Snorg
 14651 | D:11     | HP: 2/84 [Snorg (16)]
 15041 | Lair:1   | Entered Level 1 of the Lair of Beasts
 15278 | Lair:1   | Noticed Sonja
 15296 | Lair:1   | Noticed Sonja
 15296 | Lair:1   | Sonja changed into Sonja the tengu
 15301 | Lair:1   | Killed Sonja the tengu
 15321 | Lair:1   | HP: 4/84 [poisoned by Sonja (curare-tipped dart)]
 15328 | Lair:1   | HP: 4/84 [poisoned by Sonja (curare-tipped dart)]
 15336 | Lair:1   | HP: 4/84 [poisoned by Sonja (curare-tipped dart)]
 15704 | Lair:1   | Found a transporter.
 15706 | Lair:1   | Noticed a moth of wrath
 15744 | Lair:1   | Found a transporter.
 15748 | Lair:1   | Noticed a moth of wrath
 15757 | Lair:1   | Identified the +8 trident of Doom {vorpal, rF- rC+ Will+++
                  | Int+2}
 15757 | Lair:1   | Noticed a spriggan rider
 15758 | Lair:1   | Found a bloodstained altar of Trog.
 15772 | Lair:1   | Noticed canine's ghost (journeyman GnWn)
 15796 | Lair:1   | Noticed Prince Ribbit
 15833 | Lair:1   | Your ally died
 15852 | Lair:1   | HP: 1/84 [blink frog[Prince Ribbit] (15)]
 16360 | Lair:1   | Reached skill level 10 in Invocations
 16493 | Lair:1   | Gained mutation: You are robust. (+10% HP) [potion of
                  | mutation]
 16493 | Lair:1   | Gained mutation: You are covered in fur. (AC +1) [potion of
                  | mutation]
 16495 | Lair:1   | HP: 3/92 [cane toad (6)]
 16503 | Lair:1   | Mangled by a cane toad

Illustrated notes

Levels and vault maps discovered:
D:1:      scummos_arrival_simple_fountains, layout_basic, serial_forest,
          infiniplex_forest_clump_C, infiniplex_forest_fountain,
          infiniplex_forest_clump_C, infiniplex_forest_straight_3,
          infiniplex_forest_clump_curved, infiniplex_forest_end_3,
          infiniplex_forest_fountain, infiniplex_forest_clump_curved,
          infiniplex_forest_corner_1, infiniplex_forest_clump_small
D:2:      kennysheep_the_goblin_king, layout_basic, tgw_trog,
          chequers_ecumenical_altar_island, serial_co_window_serial,
          co_window_cross_1, co_window_paths_b, co_window_paths_a,
          co_window_paths_b, co_window_paths_b, co_window_unsneaky_path_d,
          co_window_corner_ca, co_window_corner_b, co_window_corner_ca,
          co_window_paths_c, co_window_unsneaky_path_a,
          co_window_of_opportunity_c
D:3:      layout_basic
D:4:      layout_loops_corners, minmay_temple_entry_stoned_glass, uniq_grinder
D:5:      layout_loops_ring, chequers_temple_overflow_statue_of_worship,
          uniq_duvessa, uniq_eustachio, uniq_ijyb
D:6:      layout_rooms
D:7:      layout_gridville, serial_shops, nicolae_shop_crystal, minivault_19
D:8:      layout_cave_pods, kennysheep_generic_room_10
D:9:      layout_loops_cross
D:10:     layout_rooms, david_defended_altar_elf, uniq_psyche, uniq_maggie
D:11:     layout_rooms, lair_entry_dummy, orc_0_dummy,
          amcnicky_mini_pool_medium, uniq_urug, uniq_snorg
Temple:   compressed_dpeg_circular_temple
Lair:1:   layout_cave_pods, gammafunk_ghost_wrathful_warriors,
          lemuel_fruit_tree, uniq_sonja, uniq_prince_ribbit2

Skill      XL: |  1  2  3  4  5  6  7  8  9 10 11 |
---------------+----------------------------------+-----
Invocations    | 1 2 3 4 5 7 8 10 | 10.0
Evocations     | 1 2 3 4 5 6 8 9 |  9.2
Shields        | 4 5 6 7 8 |  8.1
Polearms       | 3 4 5 6 7 8 |  8.8
Fighting       | 4 5 6 7 |  7.5
Armour         | 4 5 6 7 |  7.6

Action                   |  1- 3 |  4- 6 |  7- 9 | 10-12 || total
-------------------------+-------+-------+-------+-------++-------
Melee: Trident           |    98 |   236 |   451 |   661 ||  1446
       Dagger            |       |       |       |    39 ||    39
       Hand axe          |       |       |       |    17 ||    17
Invok: Animate Remains   |       |       |    16 |     5 ||    21
       Animate Dead      |       |       |       |    16 ||    16
       Drain Life        |       |       |       |     2 ||     2
 Abil: Dig               |       |       |       |     1 ||     1
Evoke: Wand              |       |       |     2 |    11 ||    13
  Use: Scroll            |     2 |     6 |     6 |     1 ||    15
       Potion            |       |       |     5 |     6 ||    11
 Stab: Distracted        |       |       |     2 |     2 ||     4
Armor: Scale mail        |    36 |    61 |   128 |       ||   225
       Chain mail        |       |       |    66 |    61 ||   127
       Plate armour      |       |       |       |   229 ||   229
Dodge: Dodged            |    22 |    73 |   142 |   175 ||   412
Block: Kite shield       |    44 |    98 |   248 |   452 ||   842
